 Dungeon Crawl Stone Soup version 0.26-a0-667-g92642533e4 (webtiles) character file.

Game seed: 17973015666721542157

389952 Flugkiller the Fencer (level 23, -5/172 HPs)
             Began as an Octopode Delver on Oct 16, 2020.
             Was the Champion of Makhleb.
             Slain by Jory
             ... wielding a +2 great sword
              (40 damage)
             ... on level 2 of the Depths.
             The game lasted 01:29:12 (52612 turns).

Flugkiller the Fencer (Octopode Delver)            Turns: 52612, Time: 01:29:13

Health: -5/172     AC: 11    Str: 11    XL:     23   Next: 8%
Magic:  34/34      EV: 40    Int: 18    God:    Makhleb [******]
Gold:   2623       SH:  0    Dex: 22    Spells: 24/26 levels left

rFire    + . .     SeeInvis +   L - +6 great sword (elec)
rCold    . . .     Faith    +   (shield currently unavailable)
rNeg     + + .     Spirit   .   U - +2 hat {SInv}
rPois    .         Reflect  .   a - amulet of faith
rElec    .         Harm     .   l - +4 ring of evasion
rCorr    .         Rampage  .   V - +4 ring of protection
MR       +++..                  G - ring "Qukhlui" {rF+ SInv}
Stlth    ++++++....             g - +4 ring of evasion
HPRegen  0.38/turn              j - ring of protection from magic
MPRegen  0.24/turn              E - +4 ring of protection
                                K - ring of protection from magic
                                z - ring "Cuitt" {rN++ Dex+4 Slay+4}

@: silence, bezotted
A: almost no armour, stealthy swim, amphibious, 8 rings, constrict 8, camouflage
1, gelatinous body 1
}: 2/15 runes: decaying, gossamer
a: Renounce Religion


You were on level 2 of the Depths.
You worshipped Makhleb.
Makhleb was exalted by your worship.
You visited 8 branches of the dungeon, and saw 41 of its levels.
You also visited: Wizlab.

You collected 4428 gold pieces.
You spent 1805 gold pieces at shops.

Inventory:

Hand Weapons
 L - a +6 great sword of electrocution (weapon)
   (You took it off a wight on level 9 of the Dungeon)
Missiles
 N - 14 curare-tipped darts (quivered)
Armour
 U - a +2 hat of see invisible (worn)
   (You took it off Gastronok on level 12 of the Dungeon)
Jewellery
 a - an amulet of faith (around mantle)
   (You found it on level 6 of the Dungeon)
 g - a +4 ring of evasion (on tentacle)
   (You bought it in a shop on level 2 of the Orcish Mines)
 j - a ring of protection from magic (on tentacle)
   (You found it on level 14 of the Dungeon)
 l - a +4 ring of evasion (left tentacle)
   (You found it on level 4 of the Dungeon)
 r - an uncursed ring of resist corrosion
   (You found it on level 4 of the Dungeon)
 z - the ring "Cuitt" (on tentacle) {rN++ Dex+4 Slay+4}
   (You took it off a deep elf sorcerer on level 3 of the Elven Halls)

   [ring of slaying]

   It affects your dexterity (+4).
   It affects your accuracy and damage with ranged weapons and melee attacks
   (+4).
   It greatly protects you from negative energy.
 E - a +4 ring of protection (on tentacle)
   (You found it on level 7 of the Dungeon)
 G - the ring "Qukhlui" (on tentacle) {rF+ SInv}
   (You found it on level 3 of the Elven Halls)

   [ring of see invisible]

   It protects you from fire.
   It lets you see invisible.
 J - a +4 ring of protection
   (You found it on level 8 of the Dungeon)
 K - a ring of protection from magic (on tentacle)
   (You found it on level 3 of the Elven Halls)
 M - an uncursed ring of poison resistance
   (You found it on level 10 of the Dungeon)
 R - an uncursed ring of protection from cold
   (You took it off a deep elf master archer on level 3 of the Elven Halls)
 V - a +4 ring of protection (right tentacle)
   (You bought it in a shop on level 2 of the Orcish Mines)
Wands
 f - a wand of digging (5)
 h - a wand of flame (102)
   (You found it on level 5 of the Dungeon)
 k - a wand of acid (3)
   (You found it on level 4 of the Dungeon)
 t - a wand of paralysis (7)
   (You found it on level 10 of the Dungeon)
 H - a wand of iceblast (58)
   (You found it on level 8 of the Dungeon)
 T - a wand of enslavement (17)
   (You found it on level 3 of the Dungeon)
 Y - a wand of disintegration (20)
   (You found it on level 1 of the Swamp)
Scrolls
 b - 8 scrolls of fog
 c - 11 scrolls of magic mapping
 d - 4 scrolls of fear
 o - 16 scrolls of remove curse
 q - 4 scrolls of teleportation
 u - 5 scrolls of immolation
 y - 10 scrolls of amnesia
 C - a scroll of silence
 Q - a scroll of acquirement
 S - 24 scrolls of identify
 W - 2 scrolls of summoning
Potions
 e - 5 potions of haste
 i - 2 potions of might
 m - 10 potions of curing
 n - 10 potions of brilliance
 s - 5 potions of ambrosia
 v - a potion of resistance
 x - 5 potions of cancellation
 A - 4 potions of magic
 D - 3 potions of berserk rage
 F - 4 potions of mutation
 X - 3 potions of stabbing
Miscellaneous
 w - a box of beasts (3/3)
   (You found it on level 4 of the Lair of Beasts)
 I - a condenser vane (2/2)
   (You bought it in a shop on level 2 of the Orcish Mines)
 O - a phantom mirror
   (You found it on level 3 of the Elven Halls)
 P - a phial of floods
   (You found it on level 3 of the Lair of Beasts)


   Skills:
 + Level 18.8 Fighting
 - Level 20.0 Long Blades
 - Level 20.0 Dodging
 - Level 15.0 Stealth
 - Level 2.0 Spellcasting
 - Level 4.0 Translocations
 - Level 15.0 Invocations
 - Level 12.0 Evocations


You had 24 spell levels left.
You knew the following spells:

 Your Spells              Type           Power        Failure   Level
r - Blink                 Tloc           N/A          5%          2

Your spell library contained the following spells:

 Spells                   Type           Power        Failure   Level
 Animate Skeleton         Necr           #.....       19%         1
 Freeze                   Ice            #...         19%         1
 Magic Dart               Conj           #...         19%         1
 Pain                     Necr           #...         19%         1
 Sandblast                Erth           #.....       19%         1
 Shock                    Conj/Air       #...         19%         1
 Sting                    Tmut/Pois      #...         19%         1
 Portal Projectile        Hex/Tloc       #.....       24%         3
 Call Imp                 Summ           #.......     26%         2
 Passwall                 Tmut/Erth      #.......     26%         2
 Poisonous Vapours        Pois/Air       #.....       26%         2
 Slow                     Hex            #.......     26%         2
 Sublimation of Blood     Necr           #.........   26%         2
 Conjure Flame            Conj/Fire      #.......     47%         3
 Frozen Ramparts          Ice            #.....       47%         3
 Ignite Poison            Fire/Tmut/Pois #.......     47%         3
 Inner Flame              Hex/Fire       #.......     47%         3
 Mephitic Cloud           Conj/Pois/Air  #.......     47%         3
 Ozocubu's Armour         Ice            #.......     47%         3
 Static Discharge         Conj/Air       #.......     47%         3
 Stone Arrow              Conj/Erth      #.....       47%         3
 Tukima's Dance           Hex            #.......     47%         3
 Vampiric Draining        Necr           #.........   47%         3
 Animate Dead             Necr           #.........   87%         4
 Hailstorm                Conj/Ice       #.......     87%         4
 Ice Form                 Ice/Tmut       #.......     87%         4
 Olgreb's Toxic Radiance  Pois           #.......     87%         4
 Petrify                  Tmut/Erth      #.......     87%         4
 Sticky Flame             Conj/Fire      #.......     87%         4
 Summon Ice Beast         Ice/Summ       #.......     87%         4
 Agony                    Necr           #.......     99%         5
 Alistair's Intoxication  Tmut/Pois      #........    99%         5
 Borgnjor's Vile Clutch   Necr/Erth      #.........   99%         5
 Fireball                 Conj/Fire      #.........   99%         5
 Irradiate                Conj/Tmut      #.........   99%         5
 Lee's Rapid Deconstruct  Erth           #.........   99%         5
 Lightning Bolt           Conj/Air       #.........   99%         5
 Metabolic Englaciation   Hex/Ice        #.........   99%         5
 Summon Mana Viper        Hex/Summ       #.......     99%         5
 Yara's Violent Unravell  Hex/Tmut       #.........   99%         5
 Eringya's Noxious Bog    Tmut/Pois      #.........   100%        6
 Freezing Cloud           Conj/Ice/Air   #.........   100%        6
 Hydra Form               Tmut           #.........   100%        6
 Iron Shot                Conj/Erth      #.........   100%        6
 Ozocubu's Refrigeration  Ice            #.........   100%        6
 Simulacrum               Ice/Necr       #.........   100%        6
 Starburst                Conj/Fire      #.........   100%        6
 Statue Form              Tmut/Erth      #........    100%        6
 Dragon Form              Tmut           #.........   100%        7
 Chain Lightning          Conj/Air       #.........   100%        8
 Ignition                 Fire           #.........   100%        8
 Lehudib's Crystal Spear  Conj/Erth      #.........   100%        8
 Absolute Zero            Ice            #.........   100%        9
 Fire Storm               Conj/Fire      #.........   100%        9


Dungeon Overview and Level Annotations

Branches:
Dungeon (15/15)            Temple (0/1) D:7            Lair (6/6) D:8
  Swamp (4/4) Lair:2       Spider (4/4) Lair:2        Slime (0/5) Lair:5
    Orc (2/2) D:11            Elf (3/3) Orc:2        Vaults (4/5) D:14
  Crypt (0/3) Vaults:3     Depths (3/5) D:15         WizLab (visited)

Altars:
Ashenzari
Kikubaaqudgha
Makhleb
Qazlal
Yredelemnul
Zin
The Shining One

Shops:
D:6 *   D:10 [   D:11 !?[   Orc:1 [   Orc:2 }=[*   Vaults:4 (   Depths:1 *

Portals:
Hell: Depths:1* Depths:2 Depths:3
Abyss: D:3 Depths:1
Pandemonium: Depths:2

Annotations:
D:5 exclusion: two-headed ogre
D:10 3 runed translucent doors
Lair:5 exclusion: 2 oklob plants
Lair:6 2 runed translucent doors
Swamp:4 Roxanne
Orc:1 2 transporters, Fimimaamm's ghost, journeyman TeFi
Elf:2 3 runed translucent doors
Depths:2 Jory


Innate Abilities, Weirdness & Mutations

You cannot wear most types of armour.
You are very stealthy in the water. (Stealth+)
You are amphibious.
You can wear up to eight rings at the same time.
You can use your tentacles to constrict eight enemies at once.
Your skin changes colour to match your surroundings (Stealth+).
Your rubbery body absorbs attacks. (AC +1, EV +1)


Message History

There is a stone staircase leading down, spattered with blood here.
Unknown command.
You feel much better.
Unknown command.
As you read the scroll of silence, it crumbles to dust.
A profound silence engulfs you. Jory hits you with a +2 great sword!!!
* * * LOW HITPOINT WARNING * * *
Jory bites you.
* * * LOW HITPOINT WARNING * * *
You barely miss Jory. You grab Jory. You squeeze Jory!
Jory is lightly damaged.
You constrict Jory, but do no damage. Jory misses you. Jory barely misses you.
You slash Jory!
Jory is lightly damaged.
You constrict Jory. You hit Jory. You squeeze Jory, but do no damage.
Jory is lightly damaged.
You constrict Jory, but do no damage. Jory completely misses you.
You riposte.
You hit Jory but do no damage.
Jory is lightly damaged.
Jory bites you.
* * * LOW HITPOINT WARNING * * *
You hit Jory but do no damage.
Jory is lightly damaged.
You constrict Jory. You slash Jory!
Jory is moderately damaged.
You constrict Jory, but do no damage. Jory barely misses you.
You riposte.
You slash Jory!
Jory is moderately damaged.
Jory completely misses you.
Unknown command.
You slash Jory! Lightning courses through Jory!! You squeeze Jory!
Jory is heavily damaged.
You constrict Jory.
Unknown command.
You hit Jory but do no damage. Lightning courses through Jory!
Jory is heavily damaged.
You constrict Jory. Jory completely misses you.
You riposte.
You hit Jory but do no damage. Lightning courses through Jory!
Jory is severely damaged.
Jory bites you.
* * * LOW HITPOINT WARNING * * *
You hit Jory.
Jory is severely damaged.
You constrict Jory. You slice Jory!! You squeeze Jory!
Jory is almost destroyed.
You constrict Jory, but do no damage. Jory hits you with a +2 great sword!!!
You die...

###...### #........
##.......## ##.......
##.........## #.......
##...........## #.......
##..[##...##...###.......
#...###.♣.###...##.......
##..####...####..##.......
#...# #...[.# #...######'#
#<.♣# #..@..# #♣.<# #.. #...#
#..V..# #...# ###
##..####...####..##
#...###.♣.###...#
#######...##...##(..##########
#.....##...........## #...<...
# #......##.........##
#....... # #......###.......##
#....... # #......# ###...###
#.......


You could see Jory.

Vanquished Creatures
  An ancient lich (Depths:3)
  Xtahua (Depths:2)
  Margery (Depths:2)
  A lich (Depths:1)
  A tentacled monstrosity (Swamp:3)
  2 deep elf master archers (Elf:3)
  A deep elf blademaster (Elf:3)
  Asterion (Spider:2)
  Gastronok (D:12)
  3 sphinxes
  2 thorn hunters
  3 tengu reavers
  3 fire giants
  8 deep elf sorcerers
  2 frost giants
  7 emperor scorpions
  5 ghost moths
  Louise (Spider:2)
  7 vault wardens
  3 deep elf elementalists
  12 ironheart preservers
  2 war gargoyles
  8 stone giants
  13 very ugly things
  2 entropy weavers
  6 deep elf demonologists
  A lorocyproca (Depths:2)
  6 deep elf annihilators
  7 spark wasps
  5 deep elf death magi
  A merfolk javelineer (Depths:2)
  A crystal guardian (Depths:3)
  4 fire dragons
  3 ettins
  2 mummy priests (D:14)
  10 yaktaur captains
  Josephine (D:10)
  3 great orbs of eyes
  2 deep elf high priests (Elf:3)
  8 hydras
  An ice dragon (shapeshifter) (Vaults:4)
  3 rakshasas
  7 ice dragons
  2 ghost crabs
  4 vault guards
  2 shambling mangroves
  6 boulder beetles
  10 centaur warriors
  2 catoblepae
  A death knight (Vaults:4)
  8 alligators
  11 dancing weapons
  4 deep troll shamans
  66 two-headed ogres
  20 ogre magi
  7 deep troll earth magi
  4 tengu warriors
  3 orc high priests
  4 death yaks
  A vampire mage (Depths:1)
  Sonja (Lair:1)
  17 deep elf knights
  A shadow wraith (Vaults:4)
  A spriggan druid (Swamp:4)
  2 hell knights (Depths:2)
  11 deep trolls
  An unseen horror (shapeshifter) (Vaults:3)
  2 unseen horrors (D:14)
  5 swamp dragons
  A death drake (shapeshifter) (D:13)
  4 wizards
  2 glowing orange brains
  15 deep elf archers
  9 orc knights
  7 necromancers
  A lindwurm (Lair:6)
  An orange crystal statue (Vaults:4)
  A harpy (shapeshifter) (Vaults:1)
  A phantasmal warrior (Vaults:4)
  7 ironbrand convokers
  A frost giant zombie (Depths:1)
  11 ugly things
  A stone giant zombie (Vaults:3)
  A manticore (shapeshifter) (Vaults:2)
  69 deep elf magi
  14 orb spiders
  6 cyclopes
  26 wolf spiders
  2 orc sorcerers
  A moth of wrath (shapeshifter) (D:11)
  2 manticores
  A cyclops (shapeshifter) (Vaults:4)
  A toenail golem (D:3)
  3 elephants (Lair:6)
  A stone giant skeleton (Depths:1)
  A black mamba (shapeshifter) (Vaults:1)
  2 moths of wrath
  4 black mambas
  A frost giant skeleton (Vaults:3)
  Maurice (D:13)
  A guardian serpent (shapeshifter) (Vaults:2)
  4 centaur zombies
  A titan simulacrum (Vaults:3)
  2 torpor snails
  A molten gargoyle (Lair:6)
  11 vault sentinels
  Psyche (D:10)
  A rime drake (Swamp:4)
  11 komodo dragons
  18 cane toads
  42 yaktaurs
  7 demonic crawlers
  An anaconda simulacrum (Depths:3)
  4 freezing wraiths
  5 guardian mummies (D:14)
  3 tengu conjurers (Depths:1)
  A troll (shapeshifter) (Vaults:1)
  3 meliai (D:15)
  3 polar bears
  A tyrant leech (shapeshifter) (D:14)
  9 tyrant leeches
  12 trolls
  29 jumping spiders
  10 slime creatures
  13 hornets
  A dream sheep (shapeshifter) (Depths:1)
  4 dream sheep (Lair:6)
  21 blink frogs
  6 bog bodies
  A meliai zombie (D:15)
  2 spriggan zombies (Depths:1)
  50 redbacks
  A spriggan (Swamp:2)
  4 shadows
  A stone giant simulacrum (Vaults:3)
  A vampire (D:12)
  Sigmund (D:2)
  4 water elementals
  An air elemental (Elf:1)
  5 human simulacra
  21 tarantellas
  6 wyverns
  A redback (shapeshifter) (Depths:3)
  35 yaks
  An elf zombie (WizLab)
  9 wraiths
  A hog (shapeshifter) (Vaults:1)
  8 basilisks
  A small abomination (D:3)
  2 steam dragons
  Menkaure (D:14)
  14 insubstantial wisps
  An acid dragon (Vaults:2)
  A harpy simulacrum (Depths:3)
  21 vampire mosquitoes
  The ghost of Sensen the Skirmisher, an amateur GrMo of Zin (D:3)
  5 wargs
  A warg (shapeshifter) (Vaults:1)
  10 swamp worms
  3 hell hounds (Lair:6)
  21 water moccasins
  A black bear (shapeshifter) (Vaults:2)
  4 ice beasts
  36 orc warriors
  9 swamp drakes
  2 sky beasts
  An eye of draining (shapeshifter) (Vaults:3)
  4 black bears
  2 necrophages
  2 phantoms
  57 ogres
  An eye of draining (D:14)
  5 wolves
  7 boggarts
  2 big kobolds
  18 centaurs
  19 bullfrogs
  3 earth elementals
  2 scorpions
  A wyvern skeleton (D:12)
  15 wights
  14 killer bees
  4 electric eels
  A howler monkey (D:14)
  A bullfrog zombie (D:8)
  9 hounds
  4 lava snakes (Lair:6)
  2 quasits
  An iron imp (D:3)
  4 bullfrog skeletons
  5 centaur skeletons
  4 jellies
  26 orc priests
  2 gnoll shamans (D:7)
  3 iguanas
  25 orc wizards
  4 hell rats (Lair:6)
  8 worker ants
  2 hound skeletons
  2 mummies (D:14)
  A howler monkey zombie (D:8)
  8 adders
  9 gnolls (D:7)
  A howler monkey skeleton (D:4)
  A river rat (D:6)
  3 shadow imps
  3 white imps
  2 ufetubi (D:6)
  An ooze (D:4)
  3 adder zombies
  An adder skeleton (D:7)
  5 worms
  6 leopard geckos
  78 orcs
  A ball python (D:6)
  6 bats
  A giant cockroach (D:6)
  5 goblins
  8 hobgoblins
  12 jackals
  7 kobolds
  7 quokkas
  5 frilled lizards
  A jackal skeleton (D:5)
  2 leopard gecko skeletons (D:4)
  7 rats
  2 briar patches (Swamp:4)
  A bush (D:14)
1516 creatures vanquished.

Vanquished Creatures (collateral kills)
  Saint Roka (Depths:3)
  Nikola (Spider:3)
  A golden dragon (Depths:1)
  Arachne (Spider:2)
  A sphinx (Depths:3)
  A thorn hunter (Swamp:4)
  2 deep elf sorcerers (Elf:3)
  3 emperor scorpions
  A deep elf demonologist (Elf:3)
  2 deep elf annihilators
  A boulder beetle (Spider:1)
  6 hydras
  A shambling mangrove (Swamp:2)
  4 two-headed ogres
  An alligator (Swamp:4)
  2 ogre magi
  A death yak (Lair:6)
  A deep elf knight (Vaults:1)
  A swamp dragon (Swamp:4)
  A deep troll (Vaults:4)
  An orc knight (Vaults:4)
  A wolf spider (Spider:3)
  2 deep elf magi
  2 ugly things (Vaults:1)
  An orb spider (Spider:3)
  A spriggan zombie (Depths:1)
  3 elephants (Lair:4)
  A black mamba (Lair:6)
  A molten gargoyle (Lair:6)
  2 demonic crawlers (Spider:3)
  4 komodo dragons
  A tyrant leech (Swamp:4)
  2 bog bodies
  4 blink frogs (Lair:4)
  A slime creature (Swamp:3)
  9 dream sheep (Lair:6)
  2 redbacks
  A wyvern (Lair:6)
  2 basilisks
  A yak (Lair:6)
  A swamp worm (Swamp:2)
  4 insubstantial wisps (Swamp:4)
  An infernal demonspawn zombie (WizLab)
  A water moccasin (Lair:5)
  A swamp drake (Swamp:4)
  A phantom (D:14)
  3 ogres
  A bullfrog (Lair:5)
  A lava snake (Lair:6)
  2 orc priests
  2 orcs (Orc:2)
93 creatures vanquished.

Vanquished Creatures (others)
  A rakshasa (D:14)
  A swamp dragon (Swamp:4)
  An ogre (Vaults:2)
  A centaur (Depths:1)
  A big kobold (D:13)
  A crimson imp (Depths:1)
  An orc wizard (Depths:3)
  An orc (Depths:3)
  3 kobolds (D:13)
  3 briar patches (Swamp:4)
  A bush (Lair:6)
  22 fungi
  35 plants
72 creatures vanquished.

Grand Total: 1681 creatures vanquished

Notes
Turn   | Place    | Note
-------+----------+-------------------------------------------
     0 | D:5      | Flugkiller the Octopode Delver began the quest for the Orb.
     0 | D:5      | Reached XP level 1. HP: 16/16 MP: 1/1
    50 | D:5      | Noticed a phantom
   189 | D:5      | Reached XP level 2. HP: 17/21 MP: 2/2
   189 | D:5      | Reached XP level 3. HP: 21/26 MP: 3/3
   423 | D:5      | Reached XP level 4. HP: 29/31 MP: 4/4
   688 | D:4      | Reached skill level 5 in Long Blades
   688 | D:4      | Reached XP level 5. HP: 21/36 MP: 5/5
   962 | D:2      | Noticed Sigmund
  1453 | D:3      | Reached XP level 6. HP: 28/42 MP: 6/6
  1561 | D:3      | Found a transporter.
  1584 | D:3      | Noticed a small abomination
  2300 | D:3      | Found a transporter.
  2308 | D:3      | Noticed a toenail golem
  2348 | D:3      | Found a one-way gate to the infinite horrors of the Abyss.
  2348 | D:3      | Noticed Sensen's ghost (amateur GrMo)
  2811 | D:4      | Reached XP level 7. HP: 46/46 MP: 7/7
  3620 | D:5      | Reached skill level 5 in Dodging
  3620 | D:5      | Reached skill level 1 in Evocations
  3794 | D:5      | Noticed a two-headed ogre
  4770 | D:6      | Reached XP level 8. HP: 27/54 MP: 8/8
  5114 | D:6      | Found a stormy altar of Qazlal.
  5114 | D:6      | Found a burning altar of Makhleb.
  5399 | D:6      | Found a broken altar of Ashenzari.
  5789 | D:6      | Found Dischyoh's Serpentskin Sales.
  5972 | D:6      | Became a worshipper of Makhleb the Destroyer
  6057 | D:2      | Killed Sigmund
  6354 | D:2      | Found a faded altar of an unknown god.
  6363 | D:2      | Found an ancient bone altar of Kikubaaqudgha.
  6601 | D:1      | Reached XP level 9. HP: 58/58 MP: 9/9
  6952 | D:1      | Reached * piety under Makhleb
  7415 | D:7      | Found a staircase to the Ecumenical Temple.
  7557 | D:7      | Reached skill level 1 in Invocations
  7815 | D:7      | Reached ** piety under Makhleb
  8647 | D:7      | Reached skill level 10 in Dodging
  8766 | D:8      | Found a glowing golden altar of the Shining One.
  9030 | D:8      | Reached XP level 10. HP: 63/63 MP: 12/12
  9081 | D:8      | Reached *** piety under Makhleb
  9223 | D:8      | Found a staircase to the Lair.
  9636 | D:9      | Noticed a two-headed ogre
  9647 | D:9      | Killed a two-headed ogre
 10471 | D:10     | Entered Level 10 of the Dungeon
 10472 | D:10     | Noticed Josephine
 10717 | D:10     | Reached skill level 10 in Long Blades
 10726 | D:10     | Reached **** piety under Makhleb
 10739 | D:10     | Got a smoking quarterstaff
 10921 | D:10     | Found Ryly's Armour Shoppe.
 11051 | D:10     | Noticed a two-headed ogre
 11070 | D:10     | Killed a two-headed ogre
 11220 | D:10     | Reached XP level 11. HP: 69/69 MP: 13/13
 11240 | D:10     | Found a runed translucent gate.
 11240 | D:10     | Found a runed translucent gate.
 11240 | D:10     | Found a runed translucent gate.
 11240 | D:10     | Noticed a red ugly thing
 11240 | D:10     | Noticed a white very ugly thing
 11241 | D:10     | Noticed a white ugly thing
 11241 | D:10     | Noticed a brown ugly thing
 11242 | D:10     | Noticed a glowing orange brain
 11242 | D:10     | Noticed a brown ugly thing
 11291 | D:10     | Noticed Psyche
 11295 | D:10     | Killed Psyche
 11812 | D:11     | Found Atais's Antique Armour Emporium.
 11870 | D:11     | Found a staircase to the Orcish Mines.
 11930 | D:11     | Found Fanlaysh's Distillery.
 11938 | D:11     | Bought a potion of heal wounds for 60 gold pieces
 11948 | D:11     | Noticed a moth of wrath
 11954 | D:11     | Killed a moth of wrath
 12207 | D:11     | Found Xorch's Magic Scroll Shop.
 12215 | D:11     | Bought a scroll of blinking for 90 gold pieces
 12518 | Lair:1   | Entered Level 1 of the Lair of Beasts
 12806 | Lair:1   | Reached skill level 5 in Fighting
 12842 | Lair:1   | Noticed Sonja
 12845 | Lair:1   | Killed Sonja
 13965 | Lair:2   | Reached ***** piety under Makhleb
 14018 | Lair:2   | You fall into a shaft and drop 1 floor!
 14107 | Lair:2   | Noticed an eight-headed hydra
 14779 | Lair:3   | Reached XP level 12. HP: 81/81 MP: 14/14
 15313 | Lair:3   | Noticed a seven-headed hydra
 15329 | Lair:3   | Killed a seven-headed hydra
 15783 | Lair:4   | Identified a scroll of acquirement
 15909 | Lair:2   | Killed an eight-headed hydra
 15975 | Lair:2   | Found a hole to the Spider Nest.
 16381 | Lair:2   | Noticed a five-headed hydra
 16431 | Lair:2   | Killed a five-headed hydra
 16661 | Lair:2   | Found a staircase to the Swamp.
 18331 | Lair:5   | Reached XP level 13. HP: 70/86 MP: 15/15
 19677 | Lair:5   | Found a staircase to the Slime Pits.
 19706 | Lair:5   | Acquired 805 gold pieces
 19729 | Lair:6   | Entered Level 6 of the Lair of Beasts
 19739 | Lair:6   | Reached skill level 5 in Invocations
 20872 | Lair:6   | Reached skill level 15 in Long Blades
 21181 | Lair:6   | Reached XP level 14. HP: 90/92 MP: 19/19
 21603 | Lair:6   | Found a large runed translucent door.
 21603 | Lair:6   | Found a large runed translucent door.
 22053 | D:3      | Killed Sensen's ghost
 22231 | D:10     | Killed Josephine
 22676 | D:12     | Noticed Gastronok
 22702 | D:12     | Killed Gastronok
 22702 | D:12     | Reached skill level 15 in Dodging
 23257 | D:13     | Noticed Maurice
 23266 | D:13     | Killed Maurice
 23279 | D:13     | Reached skill level 5 in Evocations
 25022 | D:14     | Reached XP level 15. HP: 101/101 MP: 20/20
 25169 | D:14     | Found a gate to the Vaults.
 25353 | D:14     | Noticed Menkaure
 25377 | D:14     | Killed Menkaure
 25936 | D:15     | Entered Level 15 of the Dungeon
 26641 | D:15     | Found a staircase to the Depths.
 26669 | D:15     | Found a glowing silver altar of Zin.
 26765 | Orc:1    | Entered Level 1 of the Orcish Mines
 26765 | Orc:1    | Found Junyav's Antique Armour Shoppe.
 27018 | Orc:2    | Entered Level 2 of the Orcish Mines
 28020 | Orc:2    | Found a staircase to the Elven Halls.
 28223 | Orc:2    | Reached ****** piety under Makhleb
 28437 | Orc:2    | Found Isuo's Antique Armour Emporium.
 28437 | Orc:2    | Found Waehos's Gadget Boutique.
 28438 | Orc:2    | Found Cueqe's General Store.
 28438 | Orc:2    | Found Lacai's Jewellery Emporium.
 28446 | Orc:2    | Bought a scroll of teleportation for 39 gold pieces
 28448 | Orc:2    | Bought a condenser vane (2/2) for 320 gold pieces
 28452 | Orc:2    | Bought a +4 ring of evasion for 648 gold pieces
 28452 | Orc:2    | Bought a +4 ring of protection for 648 gold pieces
 28913 | Orc:1    | Found a transporter.
 28914 | Orc:1    | Found a transporter.
 28914 | Orc:1    | Noticed Fimimaamm's ghost (journeyman TeFi)
 28918 | Orc:1    | Identified the +11 dire flail of Perversion {venom, Int+9
                  | Dex-4}
 28918 | Orc:1    | Identified the +4 great mace of the Imperium {venom, rF++}
 29252 | Spider:1 | Entered Level 1 of the Spider Nest
 29294 | Spider:1 | Reached XP level 16. HP: 108/108 MP: 21/21
 30659 | Spider:2 | Noticed Asterion
 30671 | Spider:2 | Noticed an Executioner
 30676 | Spider:2 | Killed Asterion
 30718 | Spider:2 | Reached skill level 10 in Fighting
 31047 | Spider:2 | Noticed Arachne
 31055 | Spider:2 | Noticed Louise
 31313 | Spider:2 | Killed Louise
 31476 | Spider:2 | Killed Arachne
 31880 | Spider:3 | Noticed Nikola
 32402 | Spider:3 | damn
 32428 | Spider:3 | Killed Nikola
 32881 | Spider:4 | Entered Level 4 of the Spider Nest
 33053 | Spider:4 | Reached XP level 17. HP: 117/117 MP: 22/22
 34296 | Spider:4 | Got a gossamer rune of Zot
 34513 | Swamp:1  | Entered Level 1 of the Swamp
 34682 | Swamp:1  | Reached skill level 10 in Invocations
 36452 | Swamp:3  | Reached XP level 18. HP: 104/124 MP: 27/27
 36584 | Swamp:3  | Learned a level 2 spell: Blink
 36761 | Swamp:3  | Reached skill level 1 in Translocations
 36763 | Swamp:3  | Noticed a tentacled monstrosity
 36764 | Swamp:3  | Reached skill level 1 in Spellcasting
 36779 | Swamp:3  | Killed a tentacled monstrosity
 37139 | Swamp:4  | Entered Level 4 of the Swamp
 37322 | Swamp:4  | Noticed Roxanne
 37335 | Swamp:4  | Got a decaying rune of Zot
 37745 | Elf:1    | Entered Level 1 of the Elven Halls
 38286 | Elf:1    | Reached skill level 15 in Invocations
 39301 | Elf:2    | Found a runed translucent gate.
 39302 | Elf:2    | Found a runed translucent gate.
 39304 | Elf:2    | Found a runed translucent gate.
 39735 | Elf:2    | Reached XP level 19. HP: 117/133 MP: 30/30
 40000 | Elf:3    | Entered Level 3 of the Elven Halls
 41278 | Elf:3    | Identified the ring "Cuitt" {rN++ Dex+4 Slay+4}
 41300 | Elf:3    | Identified the +5 scale mail "Doat" {MR+ rCorr Str+7}
 41304 | Elf:3    | Identified the cursed +0 morningstar of Perversion {speed,
                  | Dex+2 Stlth+}
 41308 | Elf:3    | Noticed a Brimstone Fiend
 41326 | Elf:3    | Identified the cursed ring "Ycisa" {*Corrode rPois rC- MP+9
                  | Str-4}
 41329 | Elf:3    | Noticed a Hell Sentinel
 41377 | Elf:3    | Identified the Incunabulum of Sinister Rites and Feathers
 41383 | Elf:3    | Got a serpentine silver ring
 41399 | Elf:3    | Identified the Compendium of the Arsonist and the Rocks
 41401 | Elf:3    | Identified the Catalogue of Entrancing Black Arts
 41515 | Elf:3    | Identified the ring "Qukhlui" {rF+ SInv} (You found it on
                  | level 3 of the Elven Halls)
 41744 | Vaults:1 | Entered Level 1 of the Vaults
 42765 | Vaults:1 | Reached XP level 20. HP: 135/143 MP: 31/31
 43493 | Vaults:2 | Reached skill level 15 in Fighting
 44419 | Vaults:3 | Reached skill level 10 in Evocations
 44614 | Vaults:3 | You fall into a shaft and drop 1 floor!
 45001 | Vaults:4 | Identified the +1 robe of the Silversmith {rPois Slay+3}
 45014 | Vaults:4 | Reached XP level 21. HP: 151/151 MP: 32/32
 45451 | Vaults:4 | Reached skill level 10 in Stealth
 45773 | Vaults:4 | Found Tytuis's Antique Weapon Shoppe.
 46205 | Vaults:3 | Found a staircase to the Crypt.
 46205 | Vaults:3 | Found a basalt altar of Yredelemnul.
 46206 | Vaults:3 | Found an ancient bone altar of Kikubaaqudgha.
 46914 | Vaults:3 | Reached skill level 15 in Stealth
 47106 | Depths:1 | Entered Level 1 of the Depths
 47106 | Depths:1 | Found Keegong's Demolitions Depot.
 47175 | Depths:1 | Found a magical portal.
 47184 | WizLab   | Entered Doroklohe's Tomb
 47527 | WizLab   | Noticed a greater mummy
 47707 | Depths:1 | Found a gateway to Hell.
 48258 | Depths:1 | Reached XP level 22. HP: 108/160 MP: 33/33
 48551 | Depths:1 | Noticed a golden dragon
 48718 | Depths:1 | You fall into a shaft and drop 1 floor!
 49276 | Depths:2 | Noticed Margery
 49303 | Depths:2 | Killed Margery
 49359 | Depths:1 | Identified the +4 great sword of Indomitability {flame, rF+
                  | Int+2}
 49751 | Depths:1 | Killed a golden dragon
 50716 | Depths:2 | Found a one-way gate leading to the halls of Pandemonium.
 51176 | Depths:3 | Noticed Xtahua
 51962 | Depths:3 | Noticed Saint Roka
 51976 | Depths:3 | Killed Saint Roka
 52014 | Depths:3 | Noticed an ancient lich
 52110 | Depths:3 | Killed an ancient lich
 52302 | Depths:3 | Reached XP level 23. HP: 172/172 MP: 34/34
 52569 | Depths:2 | Killed Xtahua
 52595 | Depths:3 | Noticed Jory
 52612 | Depths:2 | Slain by Jory

Illustrated notes

###≈≈≈≈# ###≈≈# ####
###### ##....# #....##
##^@..# #####..##..^#
#.##..#..#...#
##.....##^..#####
#...##..##......# .
##.^.##..#..#...### #.
###....^#....##^.#####.
#..#..#.#...#.##..#. #
###...#..(.......#.#.^


Turn 32402 on Spider:3: damn

Levels and vault maps discovered:
D:1:      minmay_arrival_cross, layout_loops_ring
D:2:      layout_basic, kiku_gazebo_garden_becter,
          chequers_ecumenical_altar_simple, grunt_ministairs_15, uniq_sigmund
D:3:      layout_loops_corners, gammafunk_ghost_abyssal_escape
D:4:      layout_loops_corners
D:5:      layout_basic, serial_glass, glass_columns_a, glass_columns_a
D:6:      layout_rooms, chequers_temple_overflow_statue_of_worship,
          gup_sewer_entry_bowl, guppyfry_shop_venom
D:7:      layout_gridville, minmay_temple_entry_arrows, minmay_puff
D:8:      layout_basic, lair_entry_dummy, basic_altar, nicolae_water_bricks
D:9:      layout_long_grid
D:10:     layout_loops_ring, serial_shops, kennysheep_mini,
          ploomutoo_gammafunk_ghost_potion_laboratory, uniq_psyche,
          uniq_josephine
D:11:     layout_gridville, orc_0_dummy, serial_shops,
          nicolae_shop_temple_entry_statues_fountains, shop, shop,
          serial_bayou_pond_b, minmay_misc_feat_plants
D:12:     layout_roguey, uniq_gastronok
D:13:     layout_layer_cave, uniq_maurice
D:14:     ragdoll_tomb_raider, layout_rooms, david_vaults_1, serial_park_square2
D:15:     hangedman_depths_entry_civil_slaughter, layout_basic, basic_altar
Lair:1:   layout_hall_layers, patterned_corridor, serial_bayou_shore_b,
          serial_bayou_shore_a, uniq_sonja
Lair:2:   layout_layer_cave, palyth_hydra_swamp_entry,
          spider_nest_entry_funnel_web
Lair:3:   layout_cave_pods
Lair:4:   layout_cave_pods, serial_bayou_pond_c, grunt_megastairs_1
Lair:5:   layout_regular_city, minmay_slime_entry_oklob_open
Lair:6:   cheibrodos_lair_end_hotspot, layout_gridlike, minivault_26
Swamp:1:  layout_basic_swamp, evilmike_swamp_ruin_house_5,
          infiniplex_staircase_pool
Swamp:2:  layout_basic_swamp, evilmike_swamp_ruin_house_4, swamp_pool4
Swamp:3:  layout_falls_marsh, hangedman_swamp_ruin_hall,
          infiniplex_staircase_pool_2
Swamp:4:  swamp_alternative, layout_basic_swamp, uniq_roxanne
Spider:1: layout_spider_delve
Spider:2: layout_spider_delve, uniq_asterion, uniq_louise, uniq_arachne
Spider:3: layout_spider_delve, uniq_nikola
Spider:4: grunt_spider_rune_circles, nicolae_spider_cling_ruins
Orc:1:    layout_caves, gammafunk_ghost_smash, serial_shops, shop
Orc:2:    st_orc_ogre_mass, layout_caves
Elf:1:    eino_elf_arrival_the_gate, layout_loops_corners,
          minmay_elf_crystal_heptagon, moated_statue, grunt_ministairs_3
Elf:2:    layout_onion_city
Elf:3:    minmay_elf_hall_statues, layout_loops_ring, hangedman_elf_disciples
Vaults:1: nicolae_vaults_ring_of_whatevers, nicolae_vaults_little_squares_2,
          hangedman_vaults_nails, v_misc_27, nicolae_vaults_yaktaur_gun_rack,
          vaults_dpeg_diagonal, layout_vaults_big_room
Vaults:2: nicolae_vaults_disjoint_gnomons, v_rooms_6, v_misc_15, serial_ice_h,
          ontoclasm_vaults_chip, ontoclasm_vaults_gateway,
          nicolae_vaults_rhombus_7, v_pattern_3, nicolae_vaults_alarming,
          layout_vaults_omnigrid
Vaults:3: minmay_crypt_entry_necro_gods, ontoclasm_vaults_tryst, v_misc_22,
          v_misc_30, vaults_dpeg_doors, v_misc_25,
          nicolae_vaults_disjoint_gnomons, hangedman_vaults_trim, v_misc_23,
          hangedman_vaults_variations, v_misc_16, v_misc_9, v_misc_27,
          nicolae_vaults_theta, layout_vaults_maze_bifur
Vaults:4: grunt_vaults_trifunnel, nicolae_vaults_statue_guard, v_misc_23,
          vaults_dpeg_encased_lava, v_alt_pattern_4, hangedman_vaults_trim,
          v_misc_13, nicolae_vaults_little_squares_3,
          nicolae_vaults_ninety_degrees, v_misc_3, vaults_room_door_hall,
          nicolae_vaults_border_crossing, layout_vaults_big_cross, serial_shops,
          nicolae_shop_overgrown_old_shop
Depths:1: layout_cave_shapes, serial_column_ruins, column_ruins_portal_squares,
          column_ruins_open_small, column_ruins_grid_1,
          column_ruins_columns_straight, column_ruins_columns_corner,
          column_ruins_open_tiny, minmay_misc_feat_nine_boxes,
          abyss_entry_crystal, hangedman_geh_valley, mu_enter_wizlab_4,
          minmay_liquid_box, nicolae_blasting_shop, minmay_microvault
Depths:2: kennysheep_spiral_hall, layout_gridlike, grunt_metal_band,
          minmay_crystal_water, pan_entry, minmay_staircase_windowed_large,
          serial_bayou_shore_b, serial_bayou_shore_b, grunt_megastairs_5
Depths:3: hangedman_crystal_crosses_colossus [crystal_crosses_arms_four,
          crystal_crosses_arms_two, crystal_crosses_arms_one,
          crystal_crosses_arms_one], pan_entry, hell_entry, uniq_xtahua,
          uniq_jory, uniq_saint_roka

Skill      XL: |  1  2  3  4  5  6  7  8  9 10 11 12 13 14 15 16 17 18 19 20 21 22 |
---------------+-------------------------------------------------------------------+-----
Long Blades    | 3 4 5 6 11 12 13 15 16 19 20 | 20.0
Dodging        | 4 5 8 11 12 14 15 16 17 19 20 | 20.0
Evocations     | 3 5 10 12 | 12.0
Fighting       | 4 7 9 11 12 14 15 16 18 | 18.8
Invocations    | 3 7 12 15 | 15.0
Translocations | 4 |  4.0
Spellcasting   | 2 |  2.0
Stealth        | 15 | 15.0

Action                   |  1- 3 |  4- 6 |  7- 9 | 10-12 | 13-15 | 16-18 | 19-21 | 22-24 || total
-------------------------+-------+-------+-------+-------+-------+-------+-------+-------++-------
Melee: Falchion          |    14 |    96 |    67 |       |       |       |       |       ||   177
       Constrict         |     4 |    26 |    86 |    87 |   135 |   235 |   174 |    43 ||   790
       Tentacles         |     3 |    24 |   104 |   179 |   394 |   412 |   426 |   151 ||  1693
       Long sword        |       |       |   146 |       |       |       |       |       ||   146
       Scimitar          |       |       |    94 |    61 |       |       |       |       ||   155
       Great sword       |       |       |       |   335 |   962 |  1146 |  1111 |   421 ||  3975
Throw: Dart              |       |       |       |     3 |    37 |     7 |       |       ||    47
 Cast: Blink             |       |       |       |       |       |     1 |       |       ||     1
Invok: Lesser Servant of |       |       |       |    11 |    29 |    39 |    23 |    10 ||   112
       Minor Destruction |       |       |       |     2 |    59 |    49 |    25 |     1 ||   136
       Major Destruction |       |       |       |       |       |     1 |     3 |       ||     4
       Greater Servant o |       |       |       |       |       |     1 |       |       ||     1
Evoke: Wand              |     1 |     5 |     9 |     9 |    30 |    22 |     3 |     3 ||    82
       Box of beasts     |       |       |       |     3 |     3 |       |       |       ||     6
       Phial of floods   |       |       |       |       |     2 |     1 |     1 |       ||     4
       Condenser vane    |       |       |       |       |       |     4 |     2 |     2 ||     8
  Use: Scroll            |       |       |     9 |    12 |    14 |    13 |     9 |     6 ||    63
       Potion            |       |       |       |       |     7 |     4 |     4 |     5 ||    20
 Stab: Sleeping          |     1 |    11 |    25 |    24 |    23 |    27 |    34 |     5 ||   150
       Distracted        |       |       |     2 |     3 |     5 |    21 |    18 |     3 ||    52
       Paralysed         |       |       |       |       |     5 |     2 |     1 |       ||     8
       Invisible         |       |       |       |       |     3 |     6 |       |       ||     9
       Held in net/web   |       |       |       |       |       |     1 |       |       ||     1
       Confused          |       |       |       |       |       |     2 |       |       ||     2
Armor: Skin              |     4 |    15 |    14 |    53 |    82 |   146 |    62 |    32 ||   408
Dodge: Dodged            |    10 |    48 |   264 |   476 |  1172 |  1575 |  1086 |   495 ||  5126
       Rpst.: Falchion   |     1 |    17 |    10 |       |       |       |       |       ||    28
       Long sword        |       |       |    35 |       |       |       |       |       ||    35
       Scimitar          |       |       |    24 |    29 |       |       |       |       ||    53
       Great sword       |       |       |       |    99 |   268 |   299 |   199 |    92 ||   957

Table legend: (Time is in decaauts)
 A = Elapsed time spent in this place.
 B = Non-inter-level travel time spent in this place.
 C = Inter-level travel time spent in this place.
 D = Time resting spent in this place.
 E = Time spent auto-exploring this place.
 F = Levels seen in this place.
 G = Mean time per level.
                   A        B        C        D        E       F      G
               +--------+--------+--------+--------+--------+-----+--------+
         Total |  51843 |  48776 |   3067 |  10222 |  26102 |  42 | 1234.4 |
       Dungeon |  17770 |  16304 |   1466 |   2800 |   9862 |  15 | 1184.7 |
          Lair |   9864 |   9277 |    587 |   2313 |   4943 |   6 | 1644.0 |
         Swamp |   2945 |   2802 |    143 |    386 |   1402 |   4 |  736.2 |
   Spider Nest |   4755 |   4603 |    152 |   1092 |   2326 |   4 | 1188.8 |
  Orcish Mines |   2332 |   2185 |    147 |    648 |    838 |   2 | 1166.0 |
   Elven Halls |   3766 |   3593 |    173 |    443 |   2090 |   3 | 1255.3 |
        Vaults |   5061 |   4895 |    166 |     39 |   3413 |   4 | 1265.2 |
        Depths |   4995 |   4763 |    232 |   2189 |   1228 |   3 | 1665.0 |
        Wizlab |    351 |    351 |      0 |    311 |      0 |   1 |  351.0 |
               +--------+--------+--------+--------+--------+-----+--------+

Top non-repeatable levels by time:
Depths:2: 2432 daAuts
Depths:1: 2319 daAuts
  Lair:2: 2173 daAuts
     D:5: 2116 daAuts
  Lair:6: 1795 daAuts
  Lair:3: 1534 daAuts
  Lair:4: 1524 daAuts
Spider:4: 1474 daAuts
  Lair:5: 1464 daAuts
     D:7: 1426 daAuts
Vaults:2: 1389 daAuts
    D:13: 1387 daAuts
    D:14: 1386 daAuts
  Lair:1: 1372 daAuts
Spider:2: 1361 daAuts
